AoeStats
← Xanmax

MegaRandom

506793561Analyzed
1v1 RM · 16d ago on Sep 15, 2026· 17m 26s· 2 players
Game mode
Random Map
Map size
Tiny (2 player)
Population
200
Speed
Normal
Resources
Standard
Victory
Conquest
Starting age
Dark Age
Ending age
Imperial Age
RankedLock teamsTeams togetherTeam positionsShared explorationLock speedFull tech treeHidden civsTurbo modeCheats
Victory
Defeat
🇲🇽 Gurjaras · Mexico
1371
+15
🇨🇳 Teutons · China
1349
-15
wdnm
7:16 Loom
9:42 Feudal Age
11:17 Double-Bit Axe
15:26 Forging
18:15 Castle Age
16:51 Scale Mail Armor
Xanmax
4:39 Loom
8:40 Feudal Age
15:17 Bloodlines
16:14 Forging
Connection lost

Rejoining the realm…

Still unreachable

The connection could not be restored.

Session expired

The server has moved on; the page needs a fresh start.